 Dungeon Crawl Stone Soup version 0.27-a0-1256-gced786f65e (webtiles) character file.

Game seed: 3872946717797613680

465 HendSelp the Cleaver (level 7, -1/57 HPs)
             Began as a Hill Orc Fighter on June 11, 2021.
             Slain by an ogre
             ... wielding a +0 giant club
              (19 damage)
             ... on level 4 of the Dungeon.
             The game lasted 00:05:38 (4666 turns).

HendSelp the Cleaver (Hill Orc Fighter)             Turns: 4666, Time: 00:05:38

Health: -1/57      AC: 11    Str: 21    XL:     7   Next: 8%
Magic:  7/7        EV:  7    Int:  8    God:
Gold:   99         SH:  9    Dex: 10    Spells: 6/6 levels left

rFire    + . .     SeeInvis .   a - +0 war axe
rCold    + . .     Faith    .   c - +0 kite shield
rNeg     . . .     Spirit   .   b - +0 scale mail
rPois    .         Reflect  .   e - +2 helmet
rElec    .         Harm     .   d - +0 cloak {rCorr}
rCorr    +         Rampage  .   (no gloves)
Will     .....                  (no boots)
Stlth    ..........             (no amulet)
HPRegen  0.19/turn              f - ring of protection from cold
MPRegen  0.10/turn              o - ring of protection from fire

@: no status effects
A: no striking features
a: no special abilities


You were on level 4 of the Dungeon.
You visited 1 branch of the dungeon, and saw 4 of its levels.

You collected 99 gold pieces.

Inventory:

Hand Weapons
 a - a +0 war axe (weapon)
Armour
 b - a +0 scale mail (worn)
 c - a +0 kite shield (worn)
 d - a +0 cloak of preservation (worn)
 e - a +2 helmet (worn)
Jewellery
 f - a ring of protection from cold (left hand)
 k - a ring of protection from fire
 o - a ring of protection from fire (right hand)
Wands
 m - a wand of polymorph (6)
 p - a wand of flame (18)
Scrolls
 r - 2 scrolls of identify
 s - 2 scrolls of enchant armour
 t - a scroll of fear
 u - a scroll of teleportation
Potions
 g - 2 potions of attraction
 h - a potion of brilliance
 i - a potion of mutation
 j - a potion of haste
 l - 2 potions of cancellation {unknown}
 n - 2 potions of heal wounds {unknown}
 q - 3 potions of curing


   Skills:
 - Level 3.6 Fighting
 + Level 9.7 Axes
 - Level 3.2 Armour
 - Level 3.2 Shields


You had 6 spell levels left.
You didn't know any spells.
Your spell library was empty.

Dungeon Overview and Level Annotations

Branches:
Dungeon (4/15)
 Temple: D:4-7

Altars:
Elyvilon


Message History

Key pressed, stopping explore.
No target in view!
No target in view!
An ogre comes into view. It is wielding a +0 giant club.
An ogre is nearby!
An ogre is nearby!
An ogre is nearby!
You slash the ogre!
The ogre is heavily wounded.
The ogre hits you with a +0 giant club!!
You hit the ogre.
The ogre is severely wounded.
The ogre hits you but does no damage.
You barely miss the ogre.
The ogre is severely wounded.
The ogre hits you with a +0 giant club!
* * * LOW HITPOINT WARNING * * *
You are too injured to fight recklessly!
You are too injured to fight recklessly!
You are too injured to fight recklessly!
You are too injured to fight recklessly!
You are too injured to fight recklessly!
You are too injured to fight recklessly!
You are too injured to fight recklessly!
You are too injured to fight recklessly!
You are too injured to fight recklessly!
You are too injured to fight recklessly!
You are too injured to fight recklessly!
You are too injured to fight recklessly!
You are too injured to fight recklessly!
You are too injured to fight recklessly!
You are too injured to fight recklessly!
You are too injured to fight recklessly!
You completely miss the ogre.
The ogre is severely wounded.
You block the ogre's attack.
Your shield prevents you from hitting the ogre.
The ogre is severely wounded.
The ogre hits you with a +0 giant club!!
You die...

<#
##################
.................#
################.#
# #.# # #.# # #.#
# #@# # #O# # #.#
# #.# # #.# # #.#
# #.# # #.# #


You could see an ogre.

Vanquished Creatures
  A phantom (D:4)
  A water moccasin skeleton (D:4)
  A hound (D:4)
  An orc priest (D:4)
  Crazy Yiuf (D:2)
  Natasha (thrice) (D:3)
  Robin (D:1)
  4 adders
  A shadow imp (D:4)
  An adder skeleton (D:4)
  A worm (D:3)
  3 dart slugs
  9 orcs
  9 endoplasms
  2 giant cockroaches
  11 goblins
  10 hobgoblins
  6 jackals
  3 kobolds
  4 quokkas
  7 ball pythons
  6 bats
  3 frilled lizards
  6 rats
95 creatures vanquished.

Vanquished Creatures (others)
  A fungus (D:2)
1 creature vanquished.

Grand Total: 96 creatures vanquished

Notes
Turn   | Place    | Note
-------+----------+-------------------------------------------
     0 | D:1      | HendSelp the Hill Orc Fighter began the quest for the Orb.
     0 | D:1      | Reached XP level 1. HP: 19/19 MP: 1/1
     8 | D:1      | Reached skill level 3 in Axes
   221 | D:1      | Reached XP level 2. HP: 13/26 MP: 2/2
   473 | D:1      | Found a faded altar of an unknown god.
   653 | D:1      | Reached skill level 4 in Axes
   931 | D:1      | Reached XP level 3. HP: 30/31 MP: 3/3
  1436 | D:2      | Noticed Robin
  1451 | D:1      | Reached skill level 5 in Axes
  1454 | D:1      | Killed Robin
  1648 | D:2      | Found a white marble altar of Elyvilon.
  1795 | D:2      | Reached XP level 4. HP: 39/39 MP: 4/4
  2265 | D:2      | Reached skill level 6 in Axes
  2563 | D:2      | Found a runed translucent door.
  2564 | D:2      | Noticed Crazy Yiuf
  2578 | D:2      | Killed Crazy Yiuf
  2909 | D:3      | Reached XP level 5. HP: 45/45 MP: 5/5
  2915 | D:3      | Noticed Natasha
  2925 | D:3      | Killed Natasha
  2926 | D:3      | Reached skill level 7 in Axes
  3083 | D:3      | Noticed Natasha
  3090 | D:3      | Killed Natasha
  3302 | D:3      | Noticed Natasha
  3314 | D:3      | Killed Natasha
  3315 | D:3      | Reached skill level 8 in Axes
  3447 | D:3      | Reached XP level 6. HP: 51/51 MP: 6/6
  4091 | D:4      | Reached skill level 9 in Axes
  4524 | D:4      | Reached XP level 7. HP: 54/57 MP: 7/7
  4666 | D:4      | Slain by an ogre

Illustrated notes

Levels and vault maps discovered:
D:1:      dpeg_arrival_morbid_curiosity, layout_basic,
          hellmonk_ecumenical_altar_crossroads
D:2:      layout_loops_corners, serial_glass, glass_columns_a, glass_columns_a,
          basic_altar, minmay_pentomino_w4, uniq_robin, uniq_crazy_yiuf_cottage
D:3:      layout_loops_ring, serial_bayou_pond_b, uniq_natasha
D:4:      layout_basic

Skill      XL: |  1  2  3  4  5  6 |
---------------+-------------------+-----
Axes           | 3 4 5 6 8 9 |  9.7
Fighting       | |  3.6
Armour         | |  3.2
Shields        | |  3.2

Action                   |  1- 3 |  4- 6 |  7- 9 || total
-------------------------+-------+-------+-------++-------
Melee: War axe           |   106 |   175 |    12 ||   293
  Use: Scroll            |     3 |    11 |       ||    14
       Potion            |     1 |     2 |       ||     3
Armor: Scale mail        |    47 |    73 |     7 ||   127
Dodge: Dodged            |    29 |    58 |     1 ||    88
Block: Kite shield       |    76 |    94 |     4 ||   174

Table legend: (Time is in decaauts)
 A = Elapsed time spent in this place.
 B = Non-inter-level travel time spent in this place.
 C = Inter-level travel time spent in this place.
 D = Time resting spent in this place.
 E = Time spent auto-exploring this place.
 F = Levels seen in this place.
 G = Mean time per level.
                   A        B        C        D        E       F      G
               +--------+--------+--------+--------+--------+-----+--------+
         Total |   4790 |   4535 |    255 |     89 |   3740 |   4 | 1197.5 |
       Dungeon |   4790 |   4535 |    255 |     89 |   3740 |   4 | 1197.5 |
               +--------+--------+--------+--------+--------+-----+--------+

Top non-repeatable levels by time:
     D:1: 1586 daAuts
     D:2: 1341 daAuts
     D:3: 975 daAuts
     D:4: 887 daAuts
